 Dungeon Crawl Stone Soup version 0.27-a0-200-g8ba017916c (webtiles) character file.

Game seed: 7431170192873661710

7238 canine the Basher (level 10, -7/85 HPs)
             Began as a Palentonga Monk on Jan 30, 2021.
             Was a High Priest of Hepliaklqana.
             Mangled by a two-headed ogre
             ... wielding a +0 giant spiked club
              (14 damage)
             ... on level 9 of the Dungeon.
             The game lasted 00:13:23 (13893 turns).

canine the Basher (Palentonga Monk)                Turns: 13893, Time: 00:13:24

Health: -7/85      AC: 14    Str: 23    XL:     10   Next: 88%
Magic:  11/13      EV: 13    Int: 10    God:    Hepliaklqana [*****.]
Gold:   628        SH:  3    Dex: 14    Spells: 9/9 levels left

rFire    + . .     SeeInvis +   a - +0 mace
rCold    . . .     Faith    .   t - +0 buckler
rNeg     . . .     Spirit   .   i - +2 robe {rF+}
rPois    .         Reflect  .   (no helmet)
rElec    .         Harm     .   (no cloak)
rCorr    .         Rampage  .   E - +0 pair of gloves
Will     .....                  (no barding)
Stlth    ++........             A - amulet of the acrobat
HPRegen  0.24/turn              u - +6 ring of strength
MPRegen  0.13/turn              (no ring)

@: curled up
A: large, reduced essence, rugged brown scales 3, see invisible, deformed body,
roll 1, armoured tail, reflexive curl
a: Rolling Charge, Renounce Religion, Recall Ancestor, Ancestor Identity,
Transference, Idealise


You were on level 9 of the Dungeon.
You worshipped Hepliaklqana.
Hepliaklqana was extremely pleased with you.
You visited 1 branch of the dungeon, and saw 10 of its levels.

You collected 628 gold pieces.

Inventory:

Hand Weapons
 a - a +0 mace (weapon)
Missiles
 s - 19 poisoned darts
Armour
 i - a +2 robe of fire resistance (worn)
 t - a +0 buckler (worn)
 E - a +0 pair of gloves (worn)
Jewellery
 u - a +6 ring of strength (left hand)
 A - an amulet of the acrobat (around neck)
Wands
 v - a wand of iceblast (15)
 y - a wand of paralysis (6)
 D - a wand of acid (8)
 J - a wand of mindburst (8)
 K - a wand of flame (20)
Scrolls
 c - 6 scrolls of remove curse
 d - a scroll of enchant armour {unknown}
 e - 3 scrolls of amnesia
 g - 4 scrolls of immolation
 h - 2 scrolls of blinking {unknown}
 l - 4 scrolls of teleportation
 n - 5 scrolls of magic mapping
 w - a scroll of enchant weapon {unknown}
 x - 2 scrolls of fear {unknown}
 B - a scroll of noise {unknown}
 C - a scroll of silence {unknown}
 L - a scroll of identify
Potions
 b - 3 potions of lignification {unknown}
 f - 2 potions of mutation {unknown}
 j - a potion of cancellation {unknown}
 k - 4 potions of heal wounds
 m - a potion of flight {unknown}
 o - 6 potions of curing
 p - 5 potions of attraction {unknown}
 q - 4 potions of degeneration {unknown}
 r - a potion of ambrosia {unknown}
 z - a potion of berserk rage {unknown}
 F - a potion of magic {unknown}
 G - a potion of might
 H - a potion of haste {unknown}
 I - a potion of resistance {unknown}


   Skills:
 - Level 8.0 Fighting
 - Level 8.0 Maces & Flails
 * Level 7.3 Armour
 * Level 7.8 Dodging
 - Level 1.2 Stealth
 + Level 4.7 Invocations


You had 9 spell levels left.
You didn't know any spells.
Your spell library contained the following spells:

 Spells                   Type           Power        Failure   Level
 Foxfire                  Conj/Fire      0%           54%         1
 Conjure Flame            Conj/Fire      0%           88%         3
 Inner Flame              Hex/Fire       0%           88%         3
 Sticky Flame             Conj/Fire      0%           99%         4
 Fireball                 Conj/Fire      0%           100%        5


Dungeon Overview and Level Annotations

Branches:
Dungeon (10/15)            Temple (0/1) D:6
   Lair: D:8-11         Orc: D:9-12

Altars:
Cheibriados
Elyvilon
Fedhas
Gozag
Hepliaklqana
Okawaru
Qazlal
Uskayaw
The Shining One

Shops:
D:6 ::}=   D:7 =   D:9 ([

Annotations:
D:5 2 transporters, quoriil's ghost, novice TrAK


Innate Abilities, Weirdness & Mutations

You are completely covered in rugged brown scales. (AC +3, +7% HP)
You have supernaturally acute eyesight. (SInv)
Armour fits poorly on your strangely shaped body.
You can roll at nearby foes to attack.
You have a long armoured tail.
You curl defensively after being hit.
Your life essence is reduced to manifest your ancestor. (-10% HP)


Message History

Nezzuret casts a spell at the wight.
The wight resists with some effort.
The centaur skeleton hits Nezzuret.
The wight hits Nezzuret with a cursed +3 halberd.
Nezzuret casts a spell at the wight.
The wight resists with some effort.
You see here an iguana corpse.
Something hits Nezzuret!
Nezzuret hits the centaur skeleton but does no damage.
A black bear comes into view.
You see here 7 stones.
There is a stone staircase leading up here.
The two-headed ogre hits you with a +0 giant spiked club!
* * * LOW HITPOINT WARNING * * *
The two-headed ogre misses you.
You climb upwards.
There is a stone staircase leading down here.
There is an open door here.
Nezzuret is recalled.
The two-headed ogre hits you with a +0 giant spiked club!
You die...

...### #...<...... .###
#.......... ## #..........
#.......... ####'###### #..#
########'####
#######...........#
##############.R@O.'...........#
...............#####...........#
################ #>..........#
#.).........# #...........#
#...........# #...........#
#####+####### ### #.#


You could see the friendly Nezzuret the hexer and a two-headed ogre.

Vanquished Creatures
  Harold (D:9)
  A centaur warrior (D:8)
  An unseen horror (D:10)
  Psyche (D:8)
  A kobold demonologist (D:9)
  Sigmund (D:5)
  A wyvern (D:8)
  3 orc warriors
  An ice beast (D:6)
  2 phantoms
  2 sky beasts
  4 ogres
  An eye of draining (D:8)
  A necrophage (D:5)
  7 centaurs
  A bullfrog (D:7)
  5 big kobolds (D:9)
  A wyvern zombie (D:7)
  3 scorpions
  A wight (D:10)
  A howler monkey (D:8)
  A bullfrog zombie (D:8)
  2 bullfrog skeletons
  2 hounds
  A jelly (D:9)
  A quasit (D:8)
  5 orc priests
  Crazy Yiuf (D:5)
  Ijyb (D:5)
  5 worker ants
  2 iguanas
  5 orc wizards
  A hexer (D:7)
  A hound zombie (D:7)
  2 hound skeletons
  4 gnolls (D:7)
  8 adders
  A shadow imp (D:9)
  A white imp (D:4)
  2 ufetubi
  2 oozes
  2 adder skeletons (D:8)
  3 dart slugs
  2 worms
  2 leopard geckos
  27 orcs
  10 bats
  6 giant cockroaches
  9 goblins
  14 hobgoblins
  14 jackals
  10 kobolds
  2 quokkas
  3 ball pythons
  3 frilled lizards
  6 rats
201 creatures vanquished.

Vanquished Creatures (collateral kills)
  2 black bears
  An ice beast (D:8)
  A phantom (D:4)
  An ogre (D:4)
  A centaur (D:7)
  3 big kobolds (D:9)
  A bullfrog (D:8)
  2 scorpions
  A howler monkey (D:6)
  An orc priest (D:4)
  An iguana (D:5)
  A bullfrog skeleton (D:8)
  A worker ant (D:5)
  A hound zombie (D:7)
  2 adders
  A white imp (D:8)
  A shadow imp (D:7)
  2 ufetubi
  An adder zombie (D:5)
  An adder skeleton (D:4)
  A worm (D:5)
  A leopard gecko (D:8)
  2 orcs
  A giant cockroach (D:5)
  A jackal (D:7)
  A quokka (D:5)
  2 kobolds (D:9)
  A leopard gecko zombie (D:6)
  A rat (D:5)
37 creatures vanquished.

Vanquished Creatures (others)
  7 hexers
7 creatures vanquished.

Grand Total: 245 creatures vanquished

Notes
Turn   | Place    | Note
-------+----------+-------------------------------------------
     0 | D:1      | canine the Palentonga Monk began the quest for the Orb.
     0 | D:1      | Reached XP level 1. HP: 20/20 MP: 1/1
   157 | D:1      | Reached XP level 2. HP: 7/27 MP: 2/2
   667 | D:1      | Reached XP level 3. HP: 33/33 MP: 3/3
  1737 | D:2      | Found a glowing golden altar of the Shining One.
  2118 | D:2      | Reached XP level 4. HP: 40/40 MP: 4/4
  2192 | D:2      | Reached skill level 5 in Maces & Flails
  2791 | D:3      | Found a white marble altar of Elyvilon.
  2997 | D:3      | Reached XP level 5. HP: 16/48 MP: 3/5
  3710 | D:3      | Found a faded altar of an unknown god.
  3967 | D:3      | Became a worshipper of Hepliaklqana the Forgotten
  3967 | D:3      | Reached * piety under Hepliaklqana
  3967 | D:3      | Reached ** piety under Hepliaklqana
  3968 | D:3      | Remembered your ancestor Nezzuret as a hexer
  4035 | D:4      | Reached XP level 6. HP: 16/49 MP: 3/6
  4480 | D:4      | Reached *** piety under Hepliaklqana
  4832 | D:4      | Gained mutation: You curl defensively after being hit.
                  | [Palentonga growth]
  4832 | D:4      | Reached XP level 7. HP: 48/55 MP: 7/7
  5416 | D:4      | Found an iron altar of Okawaru.
  5596 | D:5      | Entered Level 5 of the Dungeon
  5597 | D:5      | Noticed Sigmund
  5608 | D:5      | Killed Sigmund
  5609 | D:5      | Reached skill level 5 in Fighting
  5641 | D:5      | Found a transporter.
  5641 | D:5      | Noticed quoriil's ghost (novice TrAK)
  5645 | D:5      | Noticed Ijyb
  5691 | D:5      | Killed Ijyb
  6162 | D:5      | Reached XP level 8. HP: 47/68 MP: 6/8
  6834 | D:5      | Found a runed translucent door.
  6835 | D:5      | Noticed Crazy Yiuf
  6878 | D:5      | Found a transporter.
  7083 | D:5      | Killed Crazy Yiuf
  7346 | D:6      | Reached **** piety under Hepliaklqana
  7349 | D:6      | Found Naipaohu's Gadget Shop.
  7354 | D:6      | Found Zoufyuh's Book Shoppe.
  7443 | D:6      | Found Zaufut's Jewellery Boutique.
  7549 | D:6      | Reached skill level 1 in Armour
  7589 | D:6      | Found a staircase to the Ecumenical Temple.
  7688 | D:6      | Found Jiraq's Book Boutique.
  8730 | D:7      | Reached XP level 9. HP: 17/78 MP: 4/9
  9149 | D:7      | Found an opulent altar of Gozag.
  9925 | D:7      | Found Senetiuph's Jewellery Emporium.
 10115 | D:8      | Noticed Psyche
 10162 | D:8      | Killed Psyche
 10163 | D:8      | Reached skill level 5 in Dodging
 10645 | D:8      | Reached skill level 5 in Armour
 10645 | D:8      | Reached skill level 1 in Invocations
 11146 | D:8      | Found a hide-covered altar of Uskayaw.
 11146 | D:8      | Found a snail-covered altar of Cheibriados.
 11386 | D:8      | Found a stormy altar of Qazlal.
 11444 | D:8      | Noticed a centaur warrior
 11456 | D:8      | Reached XP level 10. HP: 48/85 MP: 11/11
 11464 | D:8      | Killed a centaur warrior
 11465 | D:8      | HP: 4/85 [centaur (3)]
 11902 | D:8      | Reached ***** piety under Hepliaklqana
 12716 | D:9      | Found a blossoming altar of Fedhas.
 13365 | D:9      | Found Rakh's Antique Armour Shoppe.
 13392 | D:9      | Noticed Harold
 13410 | D:9      | Killed Harold
 13659 | D:9      | Found Kiuxt's Antique Weapon Shoppe.
 13722 | D:9      | Found a hazy altar of Hepliaklqana.
 13823 | D:10     | Entered Level 10 of the Dungeon
 13867 | D:10     | Noticed a two-headed ogre
 13868 | D:10     | Noticed an unseen horror
 13875 | D:10     | Killed an unseen horror
 13893 | D:9      | Mangled by a two-headed ogre

Illustrated notes

Levels and vault maps discovered:
D:1:      lightli_arrival_maybe_door_vault, layout_basic, minmay_tetromino_t2
D:2:      layout_basic, tso_altar, grunt_decor_mini_mirrors
D:3:      layout_loops_ring, general_overflow_altar,
          chequers_ecumenical_altar_lobes
D:4:      layout_loops_cross, kennysheep_little_box
D:5:      layout_cave_pools, portal_sewer_entry_b, gammafunk_ghost_arena,
          uniq_ijyb, uniq_crazy_yiuf_cottage, uniq_sigmund
D:6:      layout_layer_cave, minmay_temple_entry_proselytizer, serial_shops,
          shop_statue, nicolae_shop_waterfront, kennysheep_mini_moat, shop
D:7:      black_bear_nest_2, layout_loops_cross, old_standard_altar,
          minmay_shop_enchanted_jewellery
D:8:      wad_guarded_room, layout_loops_ring, lemuel_doored_altar,
          gammafunk_temple_overflow_elements, uniq_psyche
D:9:      layout_roguey, nicolae_overflow_crystal_walls,
          nzn_hepliaklqana_mist_gate, special_room [special_room_kobold],
          serial_shops, nicolae_shop_crystal, nicolae_shop_behind_doors,
          item_on_display_a, uniq_harold
D:10:     layout_loops_ring, item_on_display_a

Skill      XL: |  1  2  3  4  5  6  7  8  9 10 |
---------------+-------------------------------+-----
Maces & Flails | 4 5 6 8 |  8.0
Fighting       | 6 8 |  8.0
Armour         | 2 5 7 |  7.3
Dodging        | 4 6 7 |  7.8
Invocations    | 2 4 |  4.7
Stealth        | |  1.2

Action                   |  1- 3 |  4- 6 |  7- 9 | 10-12 || total
-------------------------+-------+-------+-------+-------++-------
Melee: Mace              |   135 |   181 |   364 |   179 ||   859
       Tailslap          |     5 |    25 |    69 |    35 ||   134
       Unarmed           |       |       |    11 |       ||    11
Invok: Ancestor Life: He |       |     1 |       |       ||     1
       Ancestor Identity |       |     1 |       |       ||     1
       Recall Ancestor   |       |       |       |     1 ||     1
 Abil: Rolling Charge    |     3 |     5 |     1 |     2 ||    11
Evoke: Wand              |       |       |     2 |       ||     2
  Use: Scroll            |     3 |       |     5 |       ||     8
       Potion            |       |       |       |     2 ||     2
 Stab: Confused          |       |     1 |     6 |       ||     7
       Distracted        |       |       |     4 |     1 ||     5
       Sleeping          |       |       |     3 |     1 ||     4
Armor: Ring mail         |    69 |    47 |     3 |       ||   119
       Robe              |     5 |       |   117 |    34 ||   156
Dodge: Dodged            |    89 |    75 |   221 |   120 ||   505
Block: Buckler           |       |    10 |    56 |    31 ||    97

Table legend: (Time is in decaauts)
 A = Elapsed time spent in this place.
 B = Non-inter-level travel time spent in this place.
 C = Inter-level travel time spent in this place.
 D = Time resting spent in this place.
 E = Time spent auto-exploring this place.
 F = Levels seen in this place.
 G = Mean time per level.
                   A        B        C        D        E       F      G
               +--------+--------+--------+--------+--------+-----+--------+
         Total |  13991 |  13648 |    343 |   1864 |   9940 |  10 | 1399.1 |
       Dungeon |  13991 |  13648 |    343 |   1864 |   9940 |  10 | 1399.1 |
               +--------+--------+--------+--------+--------+-----+--------+

Top non-repeatable levels by time:
     D:7: 2043 daAuts
     D:8: 1965 daAuts
     D:1: 1655 daAuts
     D:4: 1621 daAuts
     D:3: 1600 daAuts
     D:5: 1547 daAuts
     D:9: 1505 daAuts
     D:6: 1217 daAuts
     D:2: 769 daAuts
    D:10: 65 daAuts
